 Dungeon Crawl Stone Soup version 0.29.1-1-gd02db6906a (webtiles) character file.

Game seed: 10345553717000126998

4781 Earthwalker the Protected (level 10, -10/92 (93) HPs)
             Began as a Minotaur Fighter on Oct 15, 2022.
             Was a Priest of Okawaru.
             Mangled by a two-headed ogre
             ... wielding a +0 giant club
              (11 damage)
             ... on level 7 of the Dungeon.
             The game lasted 00:27:03 (13035 turns).

Earthwalker the Protected (Minotaur Fighter)       Turns: 13035, Time: 00:27:04

HP:   -10/92 (93)   AC:  4    Str: 25    XL:     10   Next: 23%
MP:   9/9           EV: 11    Int:  5    God:    Okawaru [***...]
Gold: 498           SH:  6    Dex: 13    Spells: 9/9 levels left

rFire   . . .      SeeInvis .   p - +4 hand axe (venom)
rCold   . . .      Faith    .   c - +0 buckler
rNeg    . . .      Spirit   .   (no body armour)
rPois   .          Reflect  .   (helmet restricted)
rElec   .          Harm     .   I - +2 cloak {rCorr}
rCorr   +          Rampage  .   D - +0 pair of gloves {Dex+3}
Will    +....                   (no boots)
Stlth   +.........              A - amulet of the acrobat
HPRegen 0.25/turn               q - ring of willpower
MPRegen 0.11/turn               (no ring)

@: lightly drained
A: horns 2, retaliatory headbutt
a: Renounce Religion, Heroism


You were on level 7 of the Dungeon.
You worshipped Okawaru.
Okawaru was most pleased with you.
You visited 2 branches of the dungeon, and saw 9 of its levels.

You collected 498 gold pieces.

Inventory:

Hand Weapons
 a - a +1 war axe of electrocution
 p - a +4 hand axe of venom (weapon)
Missiles
 o - 6 curare-tipped darts
 s - 22 poisoned darts
 w - 8 boomerangs (quivered)
Armour
 b - a +0 scale mail
 c - a +0 buckler (worn)
 D - a +0 pair of gloves of dexterity (worn)
 E - a +3 leather armour of poison resistance
 H - a scarf of resistance
 I - a +2 cloak of preservation (worn)
Jewellery
 q - a ring of willpower (left hand)
 A - an amulet of the acrobat (around neck)
Wands
 u - a wand of flame (16)
 y - a wand of digging (8)
 G - a wand of polymorph (10)
Scrolls
 e - 6 scrolls of teleportation
 h - a scroll of identify
 l - a scroll of immolation
 n - a scroll of enchant armour
 r - 2 scrolls of amnesia
 t - a scroll of vulnerability
 B - a scroll of noise
 C - 2 scrolls of enchant weapon
Potions
 d - 2 potions of might
 f - 3 potions of magic
 g - 5 potions of curing {unknown}
 i - a potion of lignification {unknown}
 j - a potion of degeneration {unknown}
 k - 3 potions of heal wounds {unknown}
 m - a potion of haste {unknown}
 v - a potion of cancellation {unknown}
 x - 2 potions of flight {unknown}
 z - a potion of mutation {unknown}
 F - 3 potions of brilliance {unknown}


   Skills:
 * Level 9.8 Fighting
 * Level 9.4 Axes
 * Level 9.8 Armour
 * Level 9.8 Shields


You had 9 spell levels left.
You didn't know any spells.
Your spell library contained the following spells:

 Spells                   Type           Power      Damage    Failure   Level
 Freeze                   Ice            0%         1d3       54%         1
 Magic Dart               Conj           0%         1d3       54%         1
 Searing Ray              Conj           0%         2d4       67%         2
 Frozen Ramparts          Ice            0%         1d1       88%         3
 Inner Flame              Hex/Fire       0%         N/A       88%         3
 Cause Fear               Hex            0%         N/A       99%         4
 Fulminant Prism          Conj/Hex       0%         3d6       99%         4
 Hailstorm                Conj/Ice       0%         3d3       99%         4
 Discord                  Hex            0%         N/A       100%        8
 Summon Ice Beast         Ice/Summ       Unusable   N/A       N/A         4
 Summon Mana Viper        Hex/Summ       Unusable   N/A       N/A         5
 Monstrous Menagerie      Summ           Unusable   N/A       N/A         7

Dungeon Overview and Level Annotations

Branches:
Dungeon (8/15)             Temple (1/1) D:5
   Lair: D:8-11

Altars:
Ashenzari
Cheibriados
Elyvilon
Fedhas
Gozag
Kikubaaqudgha
Okawaru
Sif Muna
Trog
Uskayaw
Vehumet
Wu Jian
Xom
Zin
The Shining One

Shops:
D:1 [   D:3 ?   D:6 *

Annotations:
D:3 exclusion: oklob plant
D:6 2 transporters


Innate Abilities, Weirdness & Mutations

You have a pair of horns on your head.
You reflexively headbutt those who attack you in melee.


Message History

You throw a boomerang.
The boomerang barely misses the two-headed ogre.
Throw: 8 boomerangs
Press: ? - help, Q - select action, (/) - cycle Shift-Dir - straight line, f/p - two-headed ogre
Aim: a two-headed ogre, wielding two +0 giant clubs (76% to hit)
You throw a boomerang. The boomerang hits the two-headed ogre!
The two-headed ogre is lightly wounded.
Throw: 8 boomerangs
Press: ? - help, Q - select action, (/) - cycle Shift-Dir - straight line, f/p - two-headed ogre
Aim: a two-headed ogre, wielding two +0 giant clubs (lightly wounded, 76% to hit)
You throw a boomerang. The boomerang hits the two-headed ogre.
The two-headed ogre is lightly wounded.
A kobold comes into view. It is wielding a +0 club.
The two-headed ogre closely misses you.
The two-headed ogre hits you with a +0 giant club!!
You climb upwards.
There is a stone staircase leading down here.
You barely miss the two-headed ogre.
The two-headed ogre is lightly wounded.
You hit the two-headed ogre.
The two-headed ogre is moderately wounded.
The two-headed ogre hits you with a +0 giant club!!
The two-headed ogre hits you but does no damage.
You are too injured to fight recklessly!
You are too injured to fight recklessly!
You are too injured to fight recklessly!
You slash the two-headed ogre!
The two-headed ogre is heavily wounded.
You hit the two-headed ogre but do no damage.
Your headbutt misses the two-headed ogre.
The two-headed ogre is heavily wounded.
The two-headed ogre hits you with a +0 giant club!!
* * * LOW HITPOINT WARNING * * *
The two-headed ogre hits you with a +0 giant club!
* * * LOW HITPOINT WARNING * * *
You hit the two-headed ogre.
The two-headed ogre is poisoned.
The two-headed ogre is heavily wounded.
The two-headed ogre barely misses you.
The two-headed ogre hits you with a +0 giant club!
You die...

#.......# #.....#.#..#..#
######
#######.#######..........#
# #.......##.###.##.## #
##..####.##.....##.#
######
##...####.#########)#
#..... #.......#.#
#......)# #.####
##..######.# #.#######
#..... #....# ##.###O##
#.###. #....# #....@..#
#####.# #< #..###
######.## #.....###. ##)#
### #.###..... #.## #.#
#.#... ##.# #.# #.....
#.## #.######## ##.#
#....# ### ##)##
####.###.. #)).# ##.#.##..


You could see a two-headed ogre (poisoned).

Vanquished Creatures
  Pikel (D:4)
  2 trolls
  Grinder (D:3)
  2 water moccasins (D:7)
  2 ice beasts
  Pargi (D:3)
  2 black bears (D:6)
  A lemure (D:4)
  2 kobold brigands
  3 phantoms
  A necrophage (D:7)
  Blork the orc (D:5)
  5 bullfrogs
  A gnoll sergeant (D:7)
  4 scorpions
  9 wights
  6 killer bees
  6 jellies
  4 orc priests
  Crazy Yiuf (D:7)
  3 hounds
  3 gnoll boudas
  3 iguanas
  Ijyb (D:5)
  9 orc wizards
  15 gnolls
  9 adders
  A white imp (D:4)
  3 ufetubi
  2 worms (D:3)
  2 dart slugs (D:3)
  32 orcs
  11 ball pythons
  10 endoplasms
  2 giant cockroaches
  2 goblins
  8 hobgoblins
  4 quokkas
  2 bats
  4 frilled lizards
  A goblin skeleton (D:4)
  A goblin zombie (D:4)
  3 hobgoblin zombies (D:4)
  14 kobolds
  A kobold zombie (D:4)
  An orc skeleton (D:4)
  5 rats
207 creatures vanquished.

Vanquished Creatures (others)
  6 fungi
  8 plants (D:3)
14 creatures vanquished.

Grand Total: 221 creatures vanquished

Notes
Turn   | Place    | Note
-------+----------+-------------------------------------------
     0 | D:1      | Earthwalker the Minotaur Fighter began the quest for the
                  | Orb.
     0 | D:1      | Reached XP level 1. HP: 19/19 MP: 0/0
   239 | D:1      | Reached XP level 2. HP: 26/27 MP: 1/1
   610 | D:1      | Found a faded altar of an unknown god.
   870 | D:1      | Found Suatoafy's Antique Armour Shoppe.
  1139 | D:2      | Reached XP level 3. HP: 25/33 MP: 2/2
  1724 | D:3      | Found Nuleil's Magic Scroll Boutique.
  1751 | D:3      | Reached XP level 4. HP: 40/40 MP: 3/3
  1925 | D:3      | Noticed Grinder
  1940 | D:3      | Killed Grinder
  1941 | D:3      | Reached skill level 5 in Fighting
  1941 | D:3      | Reached skill level 5 in Armour
  1941 | D:3      | Reached skill level 5 in Shields
  1941 | D:3      | Reached XP level 5. HP: 30/48 MP: 4/4
  1941 | D:3      | Reached XP level 6. HP: 35/56 MP: 5/5
  2343 | D:3      | Found a blossoming altar of Fedhas.
  2359 | D:3      | Noticed an oklob plant
  2577 | D:3      | Noticed Pargi
  2594 | D:3      | Killed Pargi
  3318 | D:4      | Reached skill level 5 in Axes
  3318 | D:4      | Reached XP level 7. HP: 56/62 MP: 6/6
  3326 | D:4      | Found a glowing golden altar of the Shining One.
  3919 | D:4      | Noticed Pikel
  3932 | D:4      | Killed Pikel
  3933 | D:4      | Reached XP level 8. HP: 8/71 MP: 7/7
  4897 | D:5      | Entered Level 5 of the Dungeon
  5143 | D:5      | Found a staircase to the Ecumenical Temple.
  5149 | Temple   | Entered the Ecumenical Temple
  5156 | Temple   | Became a worshipper of Warmaster Okawaru
  5615 | D:5      | Noticed Ijyb
  5628 | D:5      | Killed Ijyb
  5702 | D:5      | Noticed Blork the orc
  5729 | D:5      | Killed Blork the orc
  6433 | D:6      | Reached * piety under Okawaru
  6798 | D:6      | Reached XP level 9. HP: 41/81 MP: 8/8
  7281 | D:6      | Found a shimmering altar of Xom.
  7284 | D:6      | Noticed a boulder beetle
  7284 | D:6      | Noticed a five-headed hydra
  7286 | D:6      | Found a transporter.
  7319 | D:6      | Found a transporter.
  7341 | D:6      | Found Ohuedd's General Store.
  7968 | D:6      | Found an ornate altar of the Wu Jian Council.
  8883 | D:7      | Reached ** piety under Okawaru
  8891 | D:7      | Noticed a troll
  8895 | D:7      | Killed a troll
 10209 | D:7      | Noticed a troll
 10509 | D:6      | HP: 2/83 [troll (11)]
 11147 | D:6      | Killed a troll
 11148 | D:6      | Reached XP level 10. HP: 66/91 MP: 9/9
 12123 | D:7      | Reached *** piety under Okawaru
 12419 | D:7      | Found a runed translucent door.
 12420 | D:7      | Noticed Crazy Yiuf
 12428 | D:7      | Killed Crazy Yiuf
 13018 | D:8      | Noticed a two-headed ogre
 13034 | D:7      | HP: 1/92 [two-headed ogre/+0 giant club (11)]
 13035 | D:7      | Mangled by a two-headed ogre

Illustrated notes

Levels and vault maps discovered:
D:1:      dpeg_arrival_stone_temple_mockup, layout_basic, serial_shops, shop,
          ebering_ecumenical_altar_sacrificial
D:2:      layout_rooms
D:3:      layout_loops_corners, tgw_fedhas, serial_shops, shop, uniq_grinder,
          uniq_pargi
D:4:      layout_loops_ring, nicolae_tso_besieged_by_evil,
          chequers_serial_rivers_large_b, uniq_pikel
D:5:      layout_gridville, temple_green, uniq_ijyb, uniq_blork_the_orc
D:6:      layout_basic, gammafunk_temple_overflow_arena,
          mainiacjoe_overflow_catwalk, serial_shops, nicolae_shop_hallway_plus
D:7:      layout_loops_cross, grunt_potential, uniq_crazy_yiuf_cottage
D:8:      layout_rooms, nicolae_shop_clearance
Temple:   nicolae_temple_ecumenical_triangle

Skill      XL: |  1  2  3  4  5  6  7  8  9 |
---------------+----------------------------+-----
Shields        | 4 5 6 7 9 |  9.8
Fighting       | 4 5 6 7 9 |  9.8
Armour         | 4 5 6 7 9 |  9.8
Axes           | 3 4 5 6 7 9 |  9.4

Action                   |  1- 3 |  4- 6 |  7- 9 | 10-12 || total
-------------------------+-------+-------+-------+-------++-------
Melee: War axe           |    92 |    93 |   290 |     7 ||   482
       Headbutt          |    10 |    17 |    44 |    18 ||    89
       Hand axe          |       |       |       |    80 ||    80
Throw: Boomerang         |       |       |     6 |     6 ||    12
  Use: Scroll            |       |       |    15 |       ||    15
Armor: Scale mail        |    42 |    52 |    22 |       ||   116
       Skin              |       |       |    11 |     4 ||    15
Dodge: Dodged            |    55 |    57 |   121 |    49 ||   282
Block: Buckler           |    21 |    24 |    73 |    23 ||   141
